Map: New Repugnancy LE

Players

Relentless

  • Race: Protoss Protoss
  • League: Gold
  • Spawn Location: 7:00

FollowIndySC - Winner!

  • Race: Terran Terran
  • Spawn Location: 1:00

VOD

Have the link to the VOD?

Description

Time

  • Played on: Feb. 5, 2019, 11:30 a.m.
  • Length: 11:01
Show
View Real Time Build Order
Export as new Build Order

Relentless Protoss 

Build Orders:  

Get SALT Encoding   

  1  0:00  Probe  
  12  0:05  Probe  
  14  0:18  Pylon  
  14  0:21  Probe  
  15  0:36  Gateway  
  15  0:38  Probe  
  16  0:45  Assimilator  
  16  0:50  Probe  
  16  0:57  Assimilator  
  17  0:59  Probe  
  18  1:07  Probe  
  18  1:13  Forge  
  18  1:17  Probe  
  20  1:29  Probe  
  20  1:30  Cybernetics Core  
  21  1:41  Probe  
  21  1:45  Gateway  
  22  1:56  Probe  
  22  1:59  Pylon  
  22  2:00  Protoss Ground Weapons Level 1  
  23  2:11  Warp Gate  
  23  2:13  Probe  
  23  2:19  Pylon  
  24  2:25  Probe  
  24  2:29  Adept  
  27  2:36  Adept  
  29  2:37  Probe  
  29  2:42  Pylon  
  29  2:50  Robotics Facility  
  29  2:57  Pylon  
  29  3:04  Pylon  
  29  3:10  Stalker  
  31  3:17  Gateway  
  31  3:28  Gateway  
  31  3:31  Warp Prism  
  31  3:40  Probe  
  34  4:03  Gateway  
  32  4:21  Nexus  
  32  4:22  Protoss Ground Armor Level 1  
  32  4:26  Shield Battery, Probe  
  33  4:48  Stalker  
  33  4:49  Stalker  
  33  4:51  Sentry  
  39  4:53  Sentry  
  41  5:01  Zealot  
  43  5:20  Stalker  
  37  5:38  Stalker x3  
  37  5:39  Stalker  
  37  5:42  Probe  
  46  5:55  Zealot  
  46  6:05  Stalker x2  
  46  6:06  Stalker  
  46  6:07  Probe x2  
  54  6:15  Probe  
  54  6:20  Assimilator  
  55  6:29  Shield Battery  
  55  6:30  Assimilator, Probe  
  55  6:34  Probe  
  55  6:38  Sentry  
  55  6:39  Sentry  
  61  6:41  Sentry  
  61  6:43  Sentry  
  65  6:48  Adept  
  63  7:09  Adept x3  
  63  7:12  Probe  
  70  7:16  Pylon  
  70  7:18  Pylon  
  70  7:26  Immortal  
  70  7:33  Probe  
  70  7:34  Probe  
  76  7:43  Photon Cannon  
  76  7:45  Probe  
  76  7:46  Shield Battery, Probe  
  76  7:47  Pylon  
  78  7:54  Sentry  
  78  7:55  Sentry  
  78  7:57  Probe  
  83  7:58  Adept, Probe  
  86  8:09  Pylon, Probe  
  86  8:11  Pylon  
  87  8:16  Protoss Shields Level 1  
  87  8:21  Probe  
  88  8:34  Stalker x4  
  88  9:00  Nexus  
  88  9:04  Assimilator  
  86  9:10  Pylon  
  80  9:35  Probe x2  
  82  9:41  Colossus  
  82  9:43  Stalker x4  
  90  9:47  Colossus x2, Probe  
  91  9:55  Probe  
  91  9:59  Adept, Probe  
  96  10:07  Probe  
  96  10:11  Probe  
  97  10:18  Immortal  
  97  10:21  Stalker  
  103  10:22  Sentry x2  
Show
View Real Time Build Order
Export as new Build Order

FollowIndySC Terran - Winner!

Build Orders: Reaper Expand 

Get SALT Encoding   

  12  0:00  SCV  
  13  0:13  SCV  
  14  0:18  Supply Depot  
  14  0:25  SCV  
  15  0:39  SCV  
  15  0:41  Barracks  
  16  0:47  Refinery  
  16  0:51  SCV  
  17  1:03  SCV  
  18  1:15  SCV  
  19  1:28  Orbital Command  
  19  1:29  Reaper  
  20  1:39  Command Center  
  20  1:52  Supply Depot  
  20  1:55  SCV  
  21  2:01  Marine  
  22  2:09  SCV  
  22  2:10  Factory  
  22  2:15  Refinery  
  23  2:21  SCV  
  24  2:25  Barracks Reactor  
  24  2:29  Barracks  
  24  2:35  SCV  
  25  2:47  SCV  
  26  2:52  Orbital Command  
  26  2:55  Factory Tech Lab  
  26  2:59  SCV  
  26  3:01  Marine x2  
  29  3:11  SCV  
  30  3:13  Siege Tank  
  30  3:18  Barracks Tech Lab  
  33  3:20  SCV  
  33  3:23  SCV  
  33  3:24  Marine x2  
  37  3:29  Supply Depot  
  37  3:33  SCV  
  38  3:35  SCV  
  38  3:38  Stimpack, Marine, Engineering Bay  
  40  3:41  Marine  
  40  3:43  Marine  
  40  3:46  Widow Mine  
  44  3:52  SCV x2  
  44  3:54  Supply Depot  
  46  3:56  Marine  
  46  3:59  Marine  
  46  4:01  Marine  
  49  4:10  Barracks  
  49  4:12  SCV x2  
  49  4:15  Marauder  
  53  4:17  Marine  
  53  4:20  Marine  
  53  4:22  Starport  
  53  4:23  Factory Reactor  
  55  4:27  SCV  
  55  4:28  SCV  
  57  4:32  Refinery  
  57  4:37  Marauder  
  57  4:38  Marine x2  
  60  4:40  SCV  
  60  4:42  Terran Infantry Weapons Level 1  
  62  4:47  Supply Depot  
  62  4:53  Missile Turret  
  62  4:58  Combat Shield  
  62  5:08  SCV x2, Marine x2  
  62  5:09  Marauder x2  
  62  5:13  Medivac, Supply Depot  
  70  5:20  SCV x2  
  60  5:29  Marine x2  
  60  5:30  Marauder  
  60  5:32  Marauder  
  60  5:33  SCV x2  
  68  5:41  Factory Reactor  
  68  5:44  Medivac  
  68  5:45  SCV x2  
  68  5:49  Concussive Shells  
  72  5:55  Marine x2  
  72  5:56  Marauder x2  
  77  5:58  SCV x2  
  77  6:04  Supply Depot  
  79  6:14  Marine x2  
  79  6:17  SCV x2, Marauder  
  87  6:26  Marauder  
  87  6:32  SCV x2  
  89  6:35  Supply Depot  
  89  6:36  Terran Infantry Armor Level 1, Supply Depot  
  89  6:40  Marine  
  89  6:41  Marine  
  89  6:44  Marauder  
  94  6:49  Marauder  
  94  6:50  Widow Mine x2  
  59  6:54  Medivac  
  99  6:57  Medivac  
  99  6:58  Marine x2  
  104  7:18  Command Center  
  104  7:27  Barracks  
  104  7:28  Barracks  
  104  7:32  SCV x2  
  106  7:43  Widow Mine x2  
  106  7:44  Marine, Marauder x2  
  114  7:46  Medivac, Starport  
  117  8:03  Marine  
  118  8:11  Marine x2, Medivac  
  118  8:12  Widow Mine x2  
  128  8:13  Marauder  
  128  8:14  Supply Depot  
  128  8:15  SCV, Supply Depot  
  129  8:20  Barracks Reactor, Barracks Tech Lab  
  129  8:21  Marine  
  129  8:25  Fusion Core  
  129  8:26  Starport Tech Lab  
  130  8:30  SCV x2  
  132  8:37  Marauder x2  
  137  8:42  SCV  
  137  8:58  SCV  
  137  8:59  SCV  
  137  9:00  Orbital Command  
  137  9:02  Marine x2, Marauder x3  
  144  9:03  Marine x2  
  144  9:06  Widow Mine  
  144  9:07  Widow Mine  
  152  9:22  Marine x3  
  152  9:23  Marauder  
  152  9:24  Marauder x2  
  161  9:25  Advanced Ballistics  
  161  9:28  Widow Mine  
  163  9:41  Marine  
  163  9:42  Marine x3  
  163  9:45  Marauder x2  
  171  9:48  Refinery  
  171  9:49  Refinery  
  171  9:53  Supply Depot  
  171  9:54  Supply Depot  
  171  9:55  Supply Depot  
  171  10:06  Armory, Engineering Bay  
  171  10:09  Refinery  
  171  10:18  Marine x3, Marauder x2  
  171  10:19  Marine  
  181  10:21  Widow Mine  
  181  10:24  Marauder  
Tags
 
Add a new tag
Caveats
  • Supply blocks, unpowered buildings, or Contaminate may cause inaccurate times.
  • Supply counts are checked every 10 seconds.